 Dungeon Crawl Stone Soup version 0.21.1-1-g345015f (webtiles) character file.

9300 Mesmaeker13 the Arsonist (level 11, -7/54 HPs)
             Began as a Gargoyle Fire Elementalist on May 29, 2018.
             Was an Elder of Vehumet.
             Killed from afar by Harold (31 damage)
             ... with a bolt of fire
             ... on level 10 of the Dungeon.
             The game lasted 00:30:14 (12048 turns).

Mesmaeker13 the Arsonist (GrFE)                    Turns: 12048, Time: 00:30:15

Health: -7/54      AC: 17    Str: 23    XL:     11   Next: 44%
Magic:  23/30      EV: 14    Int: 21    God:    Vehumet [****..]
Gold:   622        SH:  5    Dex: 14    Spells: 2/23 levels left

rFire    . . .     SeeInvis .   R - +5 falchion of Upheaval {drain, *Noise MR+ Str+8 Dex+4}
rCold    . . .     Gourm    .   E - +0 buckler
rNeg     + + .     Faith    .   v - +2 robe {rN+}
rPois    ∞         Spirit   .   (no helmet)
rElec    +         Reflect  .   A - +1 cloak
rCorr    .         Harm     .   Q - +0 pair of gloves {Str+3}
MR       +....                  w - +0 pair of boots
Stlth    ++........             F - amulet of rage
HPRegen  0.18/turn              G - ring of magical power
MPRegen  0.22/turn              u - +2 ring of intelligence

@: no status effects
A: negative energy resistance 1, electricity resistance, unbreathing,
petrification resistance, rot immunity, AC +8
a: Renounce Religion, Evoke Berserk Rage


You were on level 10 of the Dungeon.
You worshipped Vehumet.
Vehumet was greatly pleased with you.
You were not hungry.

You visited 1 branch of the dungeon, and saw 10 of its levels.
You also visited: Sewer.

You collected 622 gold pieces.

Inventory:

Hand Weapons
 a - a +0 trident of flaming
 h - a +4 scimitar
 j - a +2 flail of draining
 k - a +0 short sword of speed
 R - the +5 falchion of Upheaval (weapon) {drain, *Noise MR+ Str+8 Dex+4}
   (You found it on level 9 of the Dungeon)

   A truly terrible weapon, it drains the life of those it strikes.
   It affects your strength (+8).
   It affects your dexterity (+4).
   It affects your resistance to hostile enchantments.
   It may make noises in combat.
Missiles
 q - 4 steel tomahawks (quivered)
 t - 31 poisoned needles
 I - 3 javelins
Armour
 v - a +2 robe of positive energy (worn)
 w - a +0 pair of boots (worn)
 y - a +0 shield
 A - a +1 cloak (worn)
 E - a +0 buckler (worn)
 J - the +1 ring mail "Sissoc" {rElec Str+3 Int+2 Dex+2}
   (You found it on level 7 of the Dungeon)

   It affects your strength (+3).
   It affects your intelligence (+2).
   It affects your dexterity (+2).
   It insulates you from electricity.
 Q - a +0 pair of gloves of strength (worn)
Jewellery
 f - an uncursed ring of flight
 u - a +2 ring of intelligence (right hand)
 F - an amulet of rage (around neck)
 G - a ring of magical power (left hand)
Wands
 l - a wand of acid (1)
 s - a wand of random effects (36)
 P - a wand of paralysis (3)
 U - a wand of flame (13)
Scrolls
 e - 3 scrolls of enchant armour
 g - 7 scrolls of remove curse
 n - a scroll of fog {unknown}
 K - a scroll of enchant weapon
 M - 2 scrolls of immolation
 N - a scroll of torment {unknown}
 S - a scroll of blinking {unknown}
 V - a scroll of vulnerability {unknown}
Potions
 d - 4 potions of flight
 i - 5 potions of curing
 m - a potion of berserk rage {unknown}
 o - a potion of ambrosia {unknown}
 p - a potion of degeneration {unknown}
 r - 2 potions of haste
 x - 2 potions of cancellation {unknown}
 z - 4 potions of agility
 D - a potion of resistance {unknown}
 H - 2 potions of might {unknown}
Books
 b - a book of Flames

   Spells                             Type                      Level
   a - Flame Tongue                   Conjuration/Fire             1
   b - Throw Flame                    Conjuration/Fire             2
   c - Conjure Flame                  Conjuration/Fire             3
   d - Inner Flame                    Hexes/Fire                   3
   e - Sticky Flame                   Conjuration/Fire             4
   f - Fireball                       Conjuration/Fire             5
 B - a book of Air

   Spells                             Type                      Level
   a - Shock                          Conjuration/Air              1
   b - Swiftness                      Charms/Air                   2
   c - Static Discharge               Conjuration/Air              3
   d - Airstrike                      Air                          4
   e - Lightning Bolt                 Conjuration/Air              5
 C - a book of Ice

   Spells                             Type                      Level
   a - Ice Form                       Ice/Transmutation            4
   b - Metabolic Englaciation         Hexes/Ice                    5
   c - Ozocubu's Refrigeration        Ice                          6
   d - Bolt of Cold                   Conjuration/Ice              6
   e - Freezing Cloud                 Conjuration/Ice/Air          6
   f - Simulacrum                     Ice/Necromancy               6
 L - a book of Minor Magic

   Spells                             Type                      Level
   a - Magic Dart                     Conjuration                  1
   b - Blink                          Translocation                2
   c - Call Imp                       Summoning                    2
   d - Slow                           Hexes                        2
   e - Conjure Flame                  Conjuration/Fire             3
   f - Mephitic Cloud                 Conjuration/Poison/Air       3
Miscellaneous
 O - a phantom mirror
Comestibles
 c - 21 rations
 T - 10 chunks of flesh


   Skills:
 + Level 8.3 Armour
 - Level 4.0 Dodging
 - Level 2.1 Stealth
 - Level 5.2 Shields
 + Level 6.7 Spellcasting
 - Level 8.1 Conjurations
 - Level 10.0 Fire Magic
 + Level 4.0 Earth Magic


You had 2 spell levels left.
You knew the following spells:

 Your Spells              Type           Power        Failure   Level  Hunger
a - Flame Tongue          Conj/Fire      #####        1%          1    None
b - Mephitic Cloud        Conj/Pois/Air  ###.....     2%          3    #......
c - Conjure Flame         Conj/Fire      #####...     1%          3    #......
d - Sticky Flame          Conj/Fire      #####...     1%          4    ###....
e - Fireball              Conj/Fire      #####.....   1%          5    #####..
f - Bolt of Magma         Conj/Fire/Erth #####.....   3%          5    #####..


Dungeon Overview and Level Annotations

Branches:
Dungeon (10/15)            Temple (0/1) D:6            Lair (0/6) D:8
    Orc: D:9-12

Altars:
Ashenzari
Cheibriados
Elyvilon
Fedhas
Gozag
Hepliaklqana
Kikubaaqudgha
Makhleb
Nemelex Xobeh
Okawaru
Qazlal
Ru
Sif Muna
Trog
Uskayaw
Vehumet
Xom
The Shining One

Annotations:
D:2 1 runed door
D:6 diana's ghost, novice MfGl
D:8 bmj180's ghost, novice HOFi
D:10 Harold


Innate Abilities, Weirdness & Mutations

You are resistant to torment.
Your stone body is resilient. (AC +8)
You are immune to poison.
You resist negative energy. (rN+)
You are resistant to electric shocks. (rElec)
You can survive without breathing.
You are immune to petrification.
You are immune to rotting.


Message History

Confirm with . or Enter, or press ? or * to list all spells.
Aiming: Flame Tongue
Press: ? - help, Shift-Dir - straight line, f/p - Harold
Aim: Harold, wielding a long sword, wearing a ring mail and carrying a wand of acid (4) (severely wounded, lightly drained)
The flame tongue hits Harold.
Harold appears unharmed.
Harold is severely wounded.
The orc hits the orc.
You block Harold's attack.
Unknown command.
An orc and a howler monkey come into view.
The orc shouts!
You hear a howl!
The orc shouts!
You hear a shout!
The orc barely misses you.
The howler monkey howls!
Things that are here:
a hand axe; a ring mail; an orc corpse You feel better.
You hear a shout!
Harold casts a spell at you. The bolt of fire hits you!
Ouch! That really hurt!
You die...

##.####### #. o #.#
#.## #. @ #.# #..# ##
o##.# ###'#### '#.##
###......# #ooo###
#.'......#
#.8...###@#......#
#).)#.##.o#......#
######'##.##@##......#
#.......o.ho..##......#
#.........o#####.....>#
############ #......#
########


You could see Harold, a howler monkey and 4 orcs.

Vanquished Creatures
  Erolcha (D:10)
  A hydra (D:9)
  3 two-headed ogres
  An unseen horror (D:10)
  Maurice (D:8)
  A troll (D:8)
  Prince Ribbit (D:9)
  Sigmund (D:2)
  2 hogs (D:8)
  2 yaks (D:8)
  A human (D:8)
  A hungry ghost (D:9)
  A steam dragon (D:9)
  3 orc warriors
  3 sky beasts
  An ice beast (D:7)
  3 ogres
  2 phantoms
  3 centaurs
  A wolf (D:8)
  A big kobold (Sewer)
  5 bullfrogs
  A scorpion (D:7)
  4 killer bees (D:8)
  5 howler monkeys
  5 wights
  3 electric eels (D:8)
  2 crimson imps (D:7)
  12 hounds
  A jelly (D:9)
  4 orc priests
  8 orc wizards
  Jessica (D:2)
  3 iguanas
  A worker ant (D:8)
  11 adders
  A howler monkey skeleton (D:7)
  A river rat (Sewer)
  3 oozes
  An adder skeleton (D:7)
  An adder zombie (D:5)
  3 worms
  3 dart slugs
  6 leopard geckos
  23 orcs
  9 giant cockroaches
  6 goblins
  6 hobgoblins
  16 jackals
  8 kobolds
  A quokka (D:6)
  3 ball pythons
  9 bats
  4 frilled lizards
  A giant cockroach zombie (D:5)
  A quokka skeleton (D:4)
  9 rats
215 creatures vanquished.

Notes
Turn   | Place    | Note
-------+----------+-------------------------------------------
     0 | D:1      | Mesmaeker13 the Gargoyle Fire Elementalist began the quest for the Orb.
     0 | D:1      | Reached XP level 1. HP: 10/10 MP: 3/3
   151 | D:1      | Reached XP level 2. HP: 15/15 MP: 0/5
   845 | D:1      | Found a white marble altar of Elyvilon.
   847 | D:1      | Found a snail-covered altar of Cheibriados.
   847 | D:1      | Found a stormy altar of Qazlal.
   849 | D:1      | Found a shimmering altar of Xom.
   849 | D:1      | Found an ancient bone altar of Kikubaaqudgha.
   849 | D:1      | Found a bloodstained altar of Trog.
   882 | D:1      | Reached XP level 3. HP: 19/19 MP: 0/6
  1539 | D:2      | Found a hide-covered altar of Uskayaw.
  1539 | D:2      | Found a hazy altar of Hepliaklqana.
  1539 | D:2      | Found a radiant altar of Vehumet.
  1539 | D:2      | Found a sparkling altar of Nemelex Xobeh.
  1539 | D:2      | Found a sacrificial altar of Ru.
  1649 | D:2      | Became a worshipper of Vehumet
  1693 | D:2      | Learned a level 2 spell: Throw Flame
  2037 | D:2      | Reached XP level 4. HP: 14/24 MP: 0/7
  2446 | D:2      | Found an ancient bone altar of Kikubaaqudgha.
  2458 | D:2      | Found a sacrificial altar of Ru.
  2458 | D:2      | Noticed Sigmund
  2634 | D:3      | Learned a level 3 spell: Conjure Flame
  2661 | D:3      | Found a white marble altar of Elyvilon.
  2853 | D:3      | Reached * piety under Vehumet
  2853 | D:3      | Offered knowledge of Sting by Vehumet.
  3327 | D:2      | Killed Sigmund
  3327 | D:2      | Reached skill level 4 in Fire Magic
  3327 | D:2      | Reached XP level 5. HP: 27/28 MP: 2/8
  3327 | D:2      | Reached XP level 6. HP: 30/32 MP: 2/9
  3372 | D:2      | Noticed Jessica
  3373 | D:2      | Killed Jessica
  3546 | D:2      | Found a runed door.
  3788 | D:4      | Reached skill level 5 in Fire Magic
  3788 | D:4      | Reached XP level 7. HP: 25/36 MP: 1/10
  4150 | D:4      | Found a glowing drain.
  4170 | Sewer    | Entered a sewer
  4463 | Sewer    | Found a white marble altar of Elyvilon.
  4520 | D:4      | Learned a level 4 spell: Sticky Flame
  4764 | D:5      | Entered Level 5 of the Dungeon
  4808 | D:5      | Reached ** piety under Vehumet
  4812 | D:5      | Offered knowledge of Magic Dart by Vehumet.
  4970 | D:5      | Reached skill level 5 in Conjurations
  5092 | D:5      | Reached skill level 1 in Shields
  5397 | D:5      | Found a glowing golden altar of the Shining One.
  5454 | D:5      | Reached XP level 8. HP: 32/41 MP: 11/11
  5793 | D:6      | Found a blossoming altar of Fedhas.
  5846 | D:6      | Found a staircase to the Ecumenical Temple.
  5867 | D:6      | Reached skill level 6 in Fire Magic
  5918 | D:6      | Noticed diana's ghost (novice MfGl)
  6351 | D:6      | Found a deep blue altar of Sif Muna.
  6426 | D:6      | Offered knowledge of Static Discharge by Vehumet.
  6604 | D:7      | Reached skill level 7 in Fire Magic
  6606 | D:7      | Reached XP level 9. HP: 45/45 MP: 12/12
  6783 | D:7      | Reached skill level 5 in Shields
  6932 | D:7      | Got a spiked ring mail
  6944 | D:7      | Identified the +1 ring mail "Sissoc" {rElec Str+3 Int+2 Dex+2} (You found it on level 7 of the Dungeon)
  6995 | D:7      | Reached *** piety under Vehumet
  7214 | D:8      | Reached skill level 1 in Armour
  7339 | D:8      | Noticed a troll
  7357 | D:8      | Killed a troll
  7509 | D:8      | Reached skill level 8 in Fire Magic
  7516 | D:8      | Noticed bmj180's ghost (novice HOFi)
  7626 | D:7      | Offered knowledge of Airstrike by Vehumet.
  7937 | D:8      | Noticed a two-headed ogre
  7994 | D:8      | Killed a two-headed ogre
  7994 | D:8      | Reached XP level 10. HP: 35/50 MP: 11/15
  8170 | D:8      | Found an iron altar of Okawaru.
  8200 | D:8      | Noticed Maurice
  8252 | D:8      | Killed Maurice
  8252 | D:8      | Reached skill level 5 in Armour
  8252 | D:8      | Reached skill level 9 in Fire Magic
  8702 | D:8      | Learned a level 5 spell: Fireball
  9039 | D:8      | Learned a level 3 spell: Mephitic Cloud
  9497 | D:8      | Found a staircase to the Lair.
  9651 | D:8      | Found a burning altar of Makhleb.
  9651 | D:8      | Found a bloodstained altar of Trog.
 10245 | D:9      | Noticed a two-headed ogre
 10274 | D:9      | Killed a two-headed ogre
 10274 | D:9      | Reached skill level 5 in Spellcasting
 10449 | D:9      | Noticed a seven-headed hydra
 10470 | D:9      | Killed a seven-headed hydra
 10470 | D:9      | Reached skill level 10 in Fire Magic
 10470 | D:9      | Reached XP level 11. HP: 21/54 MP: 9/19
 10712 | D:9      | Got a blackened falchion
 10714 | D:9      | Identified the +5 falchion of Upheaval {drain, *Noise MR+ Str+8 Dex+4} (You found it on level 9 of the Dungeon)
 10800 | D:9      | Found an opulent altar of Gozag.
 10859 | D:9      | Reached **** piety under Vehumet
 10886 | D:9      | Offered knowledge of Bolt of Magma by Vehumet.
 11088 | D:9      | Learned a level 5 spell: Bolt of Magma
 11234 | D:9      | Noticed Prince Ribbit
 11238 | D:9      | Killed Prince Ribbit
 11238 | D:9      | Reached skill level 1 in Earth Magic
 11274 | D:9      | Found a snail-covered altar of Cheibriados.
 11274 | D:9      | Found a shattered altar of Ashenzari.
 11310 | D:10     | Entered Level 10 of the Dungeon
 11450 | D:10     | Noticed Erolcha
 11462 | D:10     | Killed Erolcha
 11628 | D:10     | Noticed a two-headed ogre
 11634 | D:10     | Killed a two-headed ogre
 11704 | D:10     | Killed an unseen horror
 12015 | D:10     | Noticed Harold
 12048 | D:10     | Killed from afar by Harold

Skill      XL: |  1  2  3  4  5  6  7  8  9 10 11 |
---------------+----------------------------------+-----
Dodging        | 2 3 4 |  4.0
Conjurations   | 2 3 4 5 7 8 |  8.1
Fire Magic     | 4 5 7 8 10 | 10.0
Shields        | 2 4 5 |  5.2
Armour         | 4 7 8 |  8.3
Spellcasting   | 3 5 6 |  6.7
Earth Magic    | 4 |  4.0
Stealth        | |  2.1

Action                   |  1- 3 |  4- 6 |  7- 9 | 10-12 || total
-------------------------+-------+-------+-------+-------++-------
Melee: Unarmed           |    41 |       |       |       ||    41
       Short sword       |    16 |    21 |       |       ||    37
       Whip              |       |       |   126 |    26 ||   152
       Trident           |       |       |    34 |     3 ||    37
       Falchion          |       |       |       |    74 ||    74
Throw: Throwing net      |       |     2 |     4 |       ||     6
 Cast: Flame Tongue      |    74 |    60 |   152 |   108 ||   394
       Sticky Flame      |       |       |    13 |     1 ||    14
       Throw Flame       |       |       |    20 |     2 ||    22
       Mephitic Cloud    |       |       |       |    14 ||    14
       Conjure Flame     |       |       |       |     4 ||     4
       Fireball          |       |       |       |     3 ||     3
       Bolt of Magma     |       |       |       |     4 ||     4
Evoke: Wand              |       |     4 |     5 |     1 ||    10
  Use: Scroll            |     1 |     1 |     7 |     8 ||    17
       Potion            |       |       |     2 |     2 ||     4
 Stab: Sleeping          |       |     2 |     2 |       ||     4
       Paralysed         |       |       |       |     7 ||     7
       Confused          |       |       |       |     6 ||     6
  Eat: Chunk             |     5 |     6 |    15 |     5 ||    31
       Ration            |       |       |     1 |     4 ||     5
Armor: Robe              |    36 |    19 |   118 |    71 ||   244
Dodge: Dodged            |    61 |    36 |   178 |    78 ||   353
Block: Buckler           |       |       |    45 |    34 ||    79
       Rpst.: Falchion   |       |       |       |     8 ||     8
